Description

Fast timing attack with a lot of vikings for position head start.

Forgoes stim for an increased Viking count. Could transition into Mech.

VOD

https://www.twitch.tv/videos/361054917

Replay - LB Ro4 #2 uThermal vs Bunny G1

Build Order

Get SALT Encoding   

  12  0:01  SCV  
  13  0:13  SCV  
  14  0:17  Supply Depot  
  14  0:25  SCV  
  14  0:27  Refinery  
  15  0:38  SCV  
  16  0:44  Barracks  
  16  0:50  SCV  
  16  0:54  Refinery  
  17  1:03  SCV  
  18  1:15  SCV  
  19  1:31  Orbital Command, Reaper  
  20  1:34  Factory  
  20  1:43  Supply Depot  
  20  1:57  SCV  
  21  2:03  Reaper  
  22  2:09  SCV  
  23  2:18  Hellion  
  23  2:20  Starport  
  23  2:21  SCV  
  26  2:35  Supply Depot  
  26  2:36  Barracks Tech Lab  Swap to Starport when done
  27  2:39  Hellion  
  29  2:54  Command Center  
  29  3:01  Hellion  
  29  3:03  Raven  
  33  3:11  Barracks Reactor  Swap to Starport after Raven
  34  3:16  Supply Depot  
  35  3:28  Factory Tech Lab  
  36  3:36  Refinery  
  36  3:47  Siege Tank  
  41  4:06  Orbital Command  
  41  4:07  Marine  
  41  4:08  Viking x2  
  46  4:27  Marine  
  41  4:36  Siege Tank  
  44  4:42  Viking  
  47  4:48  Viking  
  50  4:54  Marine  
  53  5:07  Supply Depot  
  53  5:08  Siege Tank  
  53  5:13  Viking  
  59  5:18  Refinery  
  59  5:20  Viking  
  62  5:28  Marine  
  65  5:40  Siege Tank  Start Push
Spawning Tool Build Advisor. Get it on Overwolf

Go to:

Details

  • Created by: Crank
  • Published on: Mar 03, 2019
  • Modified on: Mar 03, 2019
  • Patch: 4.7.1
Show
View Real Time Build Order
Export as new Build Order

Comments (0)

There are no comments. Be the first!

Create an account to comment!